FIQ, lawful female dwarven Valkyrie ----------- ##..........| ## |.........| ##` ..........| ##### |...<.....| ------------- ##` --------.-- |`.........`| # |.....`......####### | -----..S| # |S@S|...| l |S@S|`..| | |.&.|...| S d S |.. -d---...| ....kk`...... |`.........`| s ------------- FIQ the Skirmisher Experience level: 5 Strength: 18 Dexterity: 14 Constitution: 19 Intelligence: 7 Wisdom: 7 Charisma: 10 Health: 0(62) Energy: 6(6) Def: 7 Gold: 452 Moves: 1993 Dungeon seed: DivDvYdSwAYNo49- Game ID: FIQ_1464742121 Your Inventory: Coins $ - 452 gold pieces Weapons a - a thoroughly rusty +1 long sword (weapon in hand) b - a +0 dagger Armor e - an uncursed +3 small shield (being worn) n - a blessed +0 pair of elven boots (being worn) Comestibles g - an uncursed candy bar j - an uncursed lichen corpse k - an uncursed sprig of wolfsbane l - an uncursed carrot Potions d - a blessed potion of oil Rings m - a blessed +2 ring of protection (on left hand) Spells and supernatural/magical abilities: Name Level Category Fail Memory W - pray for help -- divine ? -- Your skills at the end: Fighting Skills wands [Basic] Weapon Skills dagger [Basic] long sword [Basic] Spellcasting Skills Final Attributes: You were piously aligned. You were cold resistant. You had infravision. You were sensing the presence of monsters. You were stealthy. You were protected. You are dead (2nd time!). Vanquished creatures: a large mimic 4 small mimics a giant ant a homunculus a rothe a centipede 2 orc zombies 2 iguanas 3 coyotes a hobbit a cave spider 2 yellow molds a garter snake 5 geckos a jackal a kobold a goblin 12 grid bugs a bat 2 lichens a kobold zombie a newt 46 creatures vanquished. Voluntary challenges: You used a wielded weapon 58 times, starting on turn 34. You read items or engraved 13 times, starting on turn 1910. You never genocided any monsters. You never polymorphed an object. You never changed form. You used no wishes. You never split a pudding. You wrote Elbereth's name 13 times, starting on turn 1910. You never violated your personal moral code. Dungeon overview: The Dungeons of Doom: levels 1 to 6 Level 1 a fountain a long staircase Level 2 a fountain stairs to The Gnomish Mines Level 3 a general store, a fountain Level 4 Level 5 Level 6 <- You were here many fountains The Gnomish Mines: Level 3 stairs to The Dungeons of Doom History has recorded: On T:1 you entered the Dungeons of Doom to retrieve the Amulet of Yendor! On T:75 you reached level 2 of The Dungeons of Doom. On T:341 you reached level 1 of The Gnomish Mines. On T:392 you reached level 3 of The Dungeons of Doom. On T:845 you advanced to experience level 2. On T:881 you advanced to experience level 3. On T:901 you advanced to experience level 4. On T:907 you advanced to experience level 5. On T:1006 you reached level 4 of The Dungeons of Doom. On T:1560 you reached level 5 of The Dungeons of Doom. On T:1857 you reached level 6 of The Dungeons of Doom. On T:1907 you were saved from death by your amulet of life saving! Score breakdown: Gold: 452 ( 9035 points) Experience: 5 levels (11141 points) Exploration: 6 levels ( 13.04%) (10000 points) Discoveries: 6 items ( 2.41%) ( 4656 points) Valuables value: (no points given unless you survive) Artifact value: 0 ( 0 points) Variety of kills: 22 monsters ( 5.74%) ( 7190 points) Turncount: 1993 turns ( 0 points) Survival: died (score multiplied by 80%) Total score: 33617 Latest messages: A feeling of loss comes over you. Never mind. An endless stream of snakes pours forth! The water moccasin misses. The water moccasin just misses! The water moccasin bites! (2x) You hear some noises in the distance. You hear some noises nearby. You sense the presence of monsters. The water moccasin bites! (4x) You are now wearing a ruby ring. The water moccasin misses. The water moccasin bites! (2x) The water moccasin's bite was poisoned! You die... Final status: Farvel FIQ the Valkyrie, poisoned by a water moccasin... You died in The Dungeons of Doom on dungeon level 6 with 33617 points, and 452 pieces of gold, after 1993 moves. You were level 5 with a maximum of 62 hit points when you died.